 Dungeon Crawl Stone Soup version 0.27-a0-1196-g3e9cee4cb2 (webtiles) character file.

Game seed: 18348238303190943273

175 freelancePsychic the Skirmisher (level 5, -3/54 HPs)
             Began as an Ogre Warper on May 28, 2021.
             Killed from afar by Sigmund (10 damage)
             ... with a magic dart
             ... on level 4 of the Dungeon.
             The game lasted 00:10:07 (4884 turns).

freelancePsychic the Skirmisher (Ogre Warper)       Turns: 4884, Time: 00:10:07

Health: -3/54      AC:  3    Str: 15    XL:     5   Next: 55%
Magic:  3/8        EV:  9    Int: 15    God:
Gold:   153        SH:  0    Dex:  8    Spells: 3/8 levels left

rFire    . . .     SeeInvis .   n - +0 flail
rCold    . . .     Faith    .   (no shield)
rNeg     . . .     Spirit   .   b - +0 robe
rPois    .         Reflect  .   (helmet restricted)
rElec    .         Harm     .   (no cloak)
rCorr    .         Rampage  .   (gloves unavailable)
Will     .....                  (boots unavailable)
Stlth    +.........             (no amulet)
HPRegen  0.18/turn              (no ring)
MPRegen  0.11/turn              (no ring)

@: confused, flying, very slightly contaminated, invisible
A: large, unfitting armour, tough skin 1
a: no special abilities


You were on level 4 of the Dungeon.
You visited 1 branch of the dungeon, and saw 4 of its levels.

You collected 153 gold pieces.

Inventory:

Hand Weapons
 a - a +0 mace
 n - a +0 flail (weapon)
Missiles
 i - 37 sling bullets
 j - 5 boomerangs (quivered)
 q - 8 poisoned darts
Armour
 b - a +0 robe (worn)
Wands
 e - a wand of digging (2)
Scrolls
 c - a scroll of magic mapping {unknown}
 d - 2 scrolls of blinking
 f - 3 scrolls of enchant armour
 g - 3 scrolls of identify {@r1}
 h - a scroll of teleportation {unknown}
 p - a scroll of enchant weapon {unknown}
Potions
 k - a potion of brilliance


   Skills:
 + Level 4.3 Fighting
 * Level 3.8 Maces & Flails
 - Level 1.0 Throwing
 - Level 2.1 Dodging
 - Level 2.4 Spellcasting
 + Level 3.6 Translocations


You had 3 spell levels left.
You knew the following spells:

 Your Spells              Type           Power      Damage    Failure   Level
a - Blink                 Tloc           N/A        N/A       8%          2
b - Teleport Other        Tloc           12%        N/A       14%         3

Your spell library contained the following spells:

 Spells                   Type           Power      Damage    Failure   Level
 Gell's Gravitas          Tloc           6%         N/A       14%         3
 Lesser Beckoning         Tloc           6%         N/A       14%         3
 Foxfire                  Conj/Fire      4%         2x1d4     22%         1
 Confusing Touch          Hex            1%         N/A       54%         3
 Conjure Flame            Conj/Fire      1%         6-21      54%         3
 Inner Flame              Hex/Fire       1%         N/A       54%         3
 Manifold Assault         Tloc           12%        N/A       80%         5
 Petrify                  Tmut/Erth      1%         N/A       91%         4
 Sticky Flame             Conj/Fire      1%         2d3       91%         4
 Fireball                 Conj/Fire      0%         3d3       99%         5
 Metabolic Englaciation   Hex/Ice        0%         N/A       99%         5
 Yara's Violent Unravell  Hex/Tmut       0%         3d3       99%         5


Dungeon Overview and Level Annotations

Branches:
Dungeon (4/15)
 Temple: D:4-7

Altars:
Fedhas
Nemelex Xobeh

Shops:
D:3 !

Annotations:
D:3 3 runed translucent doors, Alvadar's ghost, amateur DgTm; ArcanElement's ghost, amateur HuFi; Maken's ghost, amateur GnWn; PewDiePie's ghost, weakling MiCK
D:4 Sigmund


Innate Abilities, Weirdness & Mutations

You are too large for most types of armour.
You have tough skin. (AC +1)


Message History

Sigmund burns you.
You hit Sigmund.
Sigmund is heavily wounded.
Sigmund closely misses you.
You sock Sigmund!
Sigmund is almost dead.
Sigmund hits you with a +1 scythe of flaming!
Sigmund burns you. Sigmund closely misses you.
You barely miss Sigmund.
Sigmund is almost dead.
Sigmund completely misses you.
You barely miss Sigmund.
Sigmund is almost dead.
Sigmund gestures at himself while chanting.
Sigmund flickers and vanishes!
Deactivating autopickup; reactivate with Ctrl-A.
Casting: Blink (safe; 8% risk of failure)
Confirm with . or Enter, or press ? or * to list all spells.
Aiming: Teleport Other (dangerous; 14% risk of failure)
Press: ? - help, Shift-Dir - straight line, f - you
Okay, then.
You barely miss something.
You hear some strange, mumbled words.
You are confused.
Something hits you! Something burns you.
It was a potion of flight.
You feel very buoyant.
You fly up into the air.
Something hits you but does no damage.
It was a potion of invisibility.
You fade into invisibility!
You hear some strange, mumbled words.
A magic dart appears from out of thin air!
The magic dart hits you!
* * * LOW HITPOINT WARNING * * *
You are very lightly contaminated with residual magic.
You completely miss something.
You hear some strange, mumbled words.
A magic dart appears from out of thin air!
The magic dart hits you!
You die...

.....###....#.. .
.........#....#.#.#
..............#.#.##
$..................###
......................
(.....................
(...................##.
..........#...>.......##
##..)...#...@........
#.........{..##....# #
#..=.........>......##..
#................##......
#.........##......#......
..............#.....##
#..........####.....<#
#......#...# #.###......#
..##. ### #......#


There were no monsters in sight!

Vanquished Creatures
  Ijyb (D:3)
  Jessica (D:2)
  A hound skeleton (D:4)
  3 adders
  A worm (D:2)
  8 orcs
  5 endoplasms
  3 giant cockroaches
  9 goblins
  9 hobgoblins
  8 jackals
  2 quokkas
  5 bats
  2 frilled lizards (D:3)
  5 kobolds
  4 rats
67 creatures vanquished.

Vanquished Creatures (others)
  2 withered plants (D:3)
2 creatures vanquished.

Grand Total: 69 creatures vanquished

Notes
Turn   | Place    | Note
-------+----------+-------------------------------------------
     0 | D:1      | freelancePsychic the Ogre Warper began the quest for the
                  | Orb.
     0 | D:1      | Reached XP level 1. HP: 22/22 MP: 3/3
   410 | D:1      | Reached XP level 2. HP: 27/29 MP: 5/5
   415 | D:1      | Reached skill level 3 in Fighting
  1427 | D:1      | Reached XP level 3. HP: 35/37 MP: 6/6
  1430 | D:1      | Learned a level 2 spell: Blink
  1579 | D:2      | Noticed Jessica
  1694 | D:2      | Killed Jessica
  1695 | D:2      | Reached XP level 4. HP: 14/46 MP: 7/7
  2818 | D:2      | Found a faded altar of an unknown god.
  2858 | D:2      | Learned a level 3 spell: Teleport Other
  3340 | D:3      | Reached skill level 4 in Fighting
  3341 | D:3      | Reached XP level 5. HP: 37/54 MP: 8/8
  3417 | D:3      | Found Rovemi's Distillery.
  3761 | D:3      | Found a sparkling altar of Nemelex Xobeh.
  3879 | D:3      | Found a runed translucent gate.
  3881 | D:3      | Found a runed translucent gate.
  3882 | D:3      | Found a runed translucent gate.
  3883 | D:3      | Noticed ArcanElement's ghost (amateur HuFi)
  3883 | D:3      | Noticed Alvadar's ghost (amateur DgTm)
  3889 | D:3      | Noticed PewDiePie's ghost (weakling MiCK)
  3890 | D:3      | Noticed Maken's ghost (amateur GnWn)
  4182 | D:3      | Found a blossoming altar of Fedhas.
  4513 | D:4      | Noticed Ijyb
  4553 | D:3      | Killed Ijyb
  4856 | D:4      | Noticed Sigmund
  4884 | D:4      | Killed from afar by Sigmund

Illustrated notes

Levels and vault maps discovered:
D:1:      nagdon_arrival_zigzag_paths, layout_basic
D:2:      layout_loops_ring, hellmonk_ecumenical_altar_inner_sanctum,
          minmay_misc_feat_iff, kennysheep_generic_room_15, uniq_jessica
D:3:      layout_basic, nemelex_dance_club_becter, marbit_many_paths,
          serial_shops, nicolae_shop_statue_plus, gammafunk_ghost_cemetery,
          minmay_pentomino_pile
D:4:      layout_cave_pools, gammafunk_ghost_grave, uniq_ijyb, uniq_sigmund

Skill      XL: |  1  2  3  4 |
---------------+-------------+-----
Maces & Flails | 2 3 |  3.8
Fighting       | 3 4 |  4.3
Translocations | 3 |  3.6
Throwing       | |  1.0
Dodging        | |  2.1
Spellcasting   | |  2.4

Action                   |  1- 3 |  4- 6 || total
-------------------------+-------+-------++-------
Melee: Mace              |   106 |    54 ||   160
       Flail             |       |    79 ||    79
Throw: Boomerang         |     5 |    38 ||    43
       Javelin           |     6 |     9 ||    15
       Dart              |       |    14 ||    14
 Cast: Blink             |       |     5 ||     5
       Teleport Other    |       |     2 ||     2
  Use: Scroll            |     1 |     2 ||     3
       Potion            |       |     2 ||     2
Armor: Robe              |    45 |    42 ||    87
Dodge: Dodged            |    59 |    71 ||   130

Table legend: (Time is in decaauts)
 A = Elapsed time spent in this place.
 B = Non-inter-level travel time spent in this place.
 C = Inter-level travel time spent in this place.
 D = Time resting spent in this place.
 E = Time spent auto-exploring this place.
 F = Levels seen in this place.
 G = Mean time per level.
                   A        B        C        D        E       F      G
               +--------+--------+--------+--------+--------+-----+--------+
         Total |   4959 |   4836 |    123 |    995 |   3119 |   4 | 1239.8 |
       Dungeon |   4959 |   4836 |    123 |    995 |   3119 |   4 | 1239.8 |
               +--------+--------+--------+--------+--------+-----+--------+

Top non-repeatable levels by time:
     D:3: 1954 daAuts
     D:1: 1552 daAuts
     D:2: 1377 daAuts
     D:4: 75 daAuts
